Map: Ultralove

Players

milkingcows (MilkiCow)

  • Race: Terran Terran
  • League: Grandmaster
  • Spawn Location: 1:00

Lambo - Winner!

  • Race: Zerg Zerg
  • League: Grandmaster
  • Spawn Location: 7:00

VOD

Have the link to the VOD?

Description

Time

  • Played on: March 25, 2025, 10:34 a.m.
  • Length: 12:22
Show
View Real Time Build Order
Export as new Build Order

milkingcows Terran 

Build Orders: Command Center First, Hellion Banshee 

Get SALT Encoding   

  12  0:00  SCV  
  13  0:12  SCV  
  14  0:18  Supply Depot  
  14  0:25  SCV  
  15  0:39  SCV  
  16  0:51  SCV  
  17  0:59  Command Center  
  17  1:03  SCV  
  18  1:12  Barracks  
  18  1:17  SCV  
  19  1:21  Refinery  
  19  1:29  SCV  
  19  1:30  Refinery  
  20  1:42  SCV  
  21  1:54  SCV  
  21  1:59  Marine  
  23  2:08  Orbital Command  
  23  2:11  Factory  
  23  2:17  Orbital Command  
  23  2:20  Barracks Reactor  
  23  2:34  SCV  
  24  2:42  SCV  
  25  2:46  SCV  
  26  2:55  SCV  
  26  2:58  SCV  
  27  3:00  Starport  
  27  3:05  Hellion x2  
  31  3:07  SCV  
  31  3:10  SCV  
  31  3:12  Marine  
  34  3:14  Supply Depot  
  34  3:19  SCV  
  35  3:22  SCV  
  36  3:30  Hellion  
  36  3:31  Barracks Tech Lab  
  36  3:33  Bunker  
  38  3:36  SCV x2, Hellion  
  38  3:39  Supply Depot  
  42  3:48  SCV  
  43  3:51  SCV  
  43  3:55  Cloaking Field  
  44  4:00  SCV  
  44  4:01  Banshee  
  48  4:07  Barracks Tech Lab  
  48  4:10  Command Center  
  48  4:11  Hellion  
  48  4:13  SCV  
  51  4:19  Hellion, Supply Depot  
  51  4:20  SCV  
  54  4:26  Stimpack  
  54  4:40  SCV x2, Supply Depot  
  60  4:47  Banshee  
  60  4:52  SCV x2  
  61  4:54  Barracks  
  61  4:55  Refinery  
  61  4:56  Marine, Barracks, Refinery  
  61  4:58  Factory Reactor  
  62  5:00  Supply Depot  
  62  5:04  SCV x2  
  64  5:08  Engineering Bay  
  64  5:09  Engineering Bay  
  64  5:14  Marine  
  64  5:16  SCV x2  
  67  5:22  Supply Depot  
  67  5:29  SCV x2  
  67  5:31  Supply Depot  
  67  5:32  Marine  
  70  5:38  Barracks x2  
  70  5:40  Terran Infantry Weapons Level 1, Terran Infantry Armor Level 1, Starport Reactor  
  70  5:41  SCV x2  
  73  5:44  Factory Reactor  
  73  5:46  Marine x2  
  74  5:51  Orbital Command  
  74  5:52  Marine  
  74  5:53  SCV  
  74  5:54  Supply Depot  
  74  5:56  SCV  
  77  5:57  Marine x2  
  79  6:04  Marine x2  
  79  6:05  SCV  
  79  6:08  SCV  
  79  6:09  Marine  
  80  6:15  Marine x2  
  80  6:17  SCV, Supply Depot  
  83  6:18  Medivac  
  83  6:20  SCV  
  83  6:21  Medivac  
  83  6:22  Widow Mine  
  83  6:24  Widow Mine  
  83  6:25  Marine  
  90  6:29  Marine, SCV  
  90  6:32  SCV x2  
  95  6:36  Marine  
  95  6:37  Marine  
  95  6:38  Combat Shield  
  95  6:39  Barracks Reactor x2  
  96  6:41  Marine, SCV  
  96  6:44  Marine, SCV x2, Supply Depot  
  96  6:45  Supply Depot  
  101  6:48  Armory  
  101  6:49  Marine  
  101  6:53  SCV  
  101  6:54  Marine x2  
  103  6:57  Medivac x2  
  103  6:58  Marine, Widow Mine  
  103  6:59  SCV  
  111  7:05  Supply Depot  
  111  7:06  Supply Depot  
  111  7:09  Marine x2  
  111  7:11  Marine  
  111  7:12  Marine  
  115  7:15  Marine  
  115  7:16  Marine x3  
  115  7:18  Marine  
  115  7:19  Widow Mine  
  115  7:20  Factory  
  115  7:21  SCV  
  123  7:24  Widow Mine  
  123  7:26  Marine  
  123  7:27  Marine  
  123  7:29  Marine  
  128  7:30  Marine  
  128  7:31  SCV  
  128  7:33  Marine  
  128  7:36  Marine, Terran Infantry Weapons Level 2  
  132  7:42  Command Center  
  132  7:43  Terran Infantry Armor Level 2  
  130  7:44  Marine  
  130  7:46  Marine  
  132  7:52  Marine x4  
  132  7:53  Widow Mine x2  
  132  7:56  Marine x3  
  132  7:57  Medivac  
  132  7:58  SCV  
  146  8:01  Refinery  
  146  8:02  Marine, Supply Depot  
  146  8:03  Marine  
  146  8:04  Sensor Tower  
  148  8:10  Marine  
  148  8:14  Marine  
  148  8:17  Factory Tech Lab  
  148  8:19  Supply Depot  
  149  8:20  Marine  
  149  8:21  Supply Depot  
  149  8:22  Marine x2  
  149  8:23  Widow Mine x2  
  149  8:26  SCV x2  
  151  8:29  Barracks, Terran Vehicle And Ship Armor Level 1  
  151  8:31  Marine, Barracks, Marauder  
  151  8:33  Barracks  
  152  8:35  Medivac  
  152  8:39  Marine  
  155  8:41  Marine  
  155  8:46  Marine  
  155  8:47  Siege Tank  
  155  8:48  Widow Mine x2  
  159  8:52  Marine, SCV  
  159  8:53  Marauder  
  163  8:57  Marine, SCV  
  163  9:01  SCV  
  163  9:02  Marine  
  167  9:03  Marine x2  
  167  9:04  Medivac, SCV  
  167  9:09  SCV  
  173  9:13  SCV  
  173  9:14  Marauder  
  174  9:19  Marine, Medivac  
  174  9:22  Command Center  
  175  9:29  SCV  
  174  9:32  SCV  
  174  9:33  Planetary Fortress  
  174  9:35  Marauder  
  174  9:36  Command Center  
  177  9:40  Marine  
  177  9:41  Marine x2, Marauder  
  177  9:42  Barracks Tech Lab  
  182  9:50  Marine  
  162  9:57  Marine, Marauder  
  162  9:58  Marine x3  
  162  9:59  Widow Mine  
  155  10:02  Marauder  
  155  10:04  Marine x2  
  136  10:08  Marine  
  136  10:09  Marine x2, Marauder  
  136  10:10  SCV x2  
  132  10:15  Marine  
  132  10:16  Marine x3, Widow Mine  
  134  10:22  Marine x2, Marauder, Widow Mine  
  134  10:26  Marine  
  139  10:28  SCV  
  139  10:29  Orbital Command  
  139  10:30  Marine  
  139  10:31  Marine x3  
  139  10:32  SCV  
  139  10:33  Marine x2  
  139  10:34  Marine x2  
  147  10:39  Marine  
  126  10:44  Marauder  
  126  10:45  Marine x2  
  126  10:48  Marine, Orbital Command x2, SCV  
  126  10:49  Marine, Marauder  
  122  10:50  Marauder  
  122  10:52  Marine, Factory Tech Lab, SCV x2  
  122  10:54  SCV  
  126  10:57  Marine  
  126  10:59  Marine  
  126  11:00  SCV  
  126  11:01  Widow Mine  
  131  11:04  Orbital Command, SCV  
  131  11:05  Marauder, Widow Mine  
  131  11:07  Engineering Bay  
  137  11:13  Marine, Marauder, Supply Depot  
  139  11:22  Widow Mine  
  139  11:23  Marine  
  139  11:24  Marauder, SCV  
  138  11:27  SCV  
  138  11:29  Marine, Marauder  
  138  11:31  Marine, Medivac x2  
  138  11:32  Marine, SCV, Widow Mine  
  151  11:35  Marauder, SCV, Supply Depot  
  151  11:36  Refinery  
  151  11:39  SCV  
  155  11:42  Marine  
  155  11:45  Marauder  
  155  11:55  Marine x4, Marauder  
  155  11:56  Marauder  
  155  11:58  SCV, Supply Depot  
  139  12:15  Barracks Tech Lab  
  139  12:19  Refinery  
Show
View Real Time Build Order
Export as new Build Order

Lambo Zerg - Winner!

Build Orders: Hatch First 

Get SALT Encoding   

  12  0:00  Drone  
  13  0:08  Drone  
  14  0:14  Drone, Extractor  
  14  0:21  Overlord  
  15  0:39  Drone  
  16  0:44  Hatchery  
  16  0:48  Drone  
  16  0:51  Drone  
  16  0:55  Drone  
  18  1:04  Extractor  
  18  1:10  Spawning Pool  
  16  1:13  Drone  
  16  1:16  Drone  
  18  1:26  Drone  
  19  1:37  Drone  
  20  1:49  Drone  
  21  1:57  Queen  
  21  1:58  Zergling x2, Queen  
  21  1:59  Zergling x2  
  27  2:07  Drone  
  28  2:19  Overlord  
  28  2:28  Hatchery  
  27  2:30  Drone  
  28  2:39  Drone x4  
  32  2:45  Overlord, Queen  
  34  2:51  Metabolic Boost  
  34  2:53  Drone  
  34  2:57  Drone  
  35  3:03  Overlord  
  35  3:06  Drone x3  
  35  3:09  Drone  
  35  3:12  Drone  
  40  3:16  Queen  
  42  3:21  Drone  
  42  3:23  Drone  
  42  3:26  Queen  
  46  3:30  Drone  
  47  3:35  Drone  
  47  3:38  Drone x3  
  47  3:39  Drone x2  
  53  3:44  Drone x3  
  56  3:50  Overlord  
  56  3:51  Overlord  
  56  3:59  Extractor, Queen  
  58  4:06  Overlord  
  58  4:08  Queen  
  58  4:09  Overlord  
  60  4:12  Drone x3  
  60  4:16  Zergling x4  
  65  4:18  Zergling x4  
  65  4:19  Drone  
  65  4:21  Drone  
  69  4:27  Drone  
  69  4:28  Drone  
  69  4:29  Drone x2  
  69  4:30  Drone  
  74  4:35  Drone x5  
  74  4:38  Lair  
  79  4:42  Drone x2  
  81  4:48  Drone  
  81  4:49  Extractor  
  81  4:50  Extractor, Queen  
  82  4:53  Spore Crawler  
  82  4:54  Hatchery  
  80  5:00  Drone x3, Spore Crawler  
  80  5:02  Spore Crawler  
  80  5:04  Drone x2, Evolution Chamber  
  80  5:05  Evolution Chamber  
  81  5:09  Zergling x2  
  81  5:10  Overlord  
  81  5:11  Baneling Nest  
  81  5:14  Overlord x2  
  81  5:18  Drone  
  81  5:20  Overlord  
  82  5:25  Extractor, Overlord  
  82  5:28  Drone x2, Extractor  
  82  5:29  Zerg Ground Armor Level 1  
  82  5:32  Drone x5  
  87  5:36  Overseer  
  87  5:38  Zergling x6  
  87  5:42  Drone x5  
  95  5:45  Zerg Melee Weapons Level 1  
  95  5:49  Drone x2, Overseer  
  97  5:55  Hydralisk Den  
  97  5:56  Drone x2  
  98  6:00  Queen  
  98  6:04  Overlord  
  98  6:06  Drone x8  
  98  6:09  Drone  
  107  6:12  Centrifugal Hooks  
  107  6:15  Spore Crawler  
  106  6:23  Drone x6  
  112  6:27  Extractor  
  112  6:28  Overlord  
  110  6:36  Zergling x12  
  110  6:39  Hydralisk x3, Grooved Spines  
  115  6:41  Zergling x10  
  124  6:52  Zergling x10  
  129  6:58  Zergling x4  
  131  7:03  Zergling x10  
  136  7:08  Overlord  
  136  7:11  Hydralisk x4  
  136  7:13  Overlord  
  136  7:15  Overlord  
  142  7:16  Overlord  
  142  7:17  Zergling x6  
  142  7:19  Baneling x9, Hatchery  
  142  7:28  Zergling x10  
  147  7:30  Zerg Ground Armor Level 2, Muscular Augments  
  147  7:35  Infestation Pit  
  147  7:36  Zergling x2  
  147  7:37  Zergling x8, Baneling  
  151  7:38  Baneling x10  
  149  7:45  Zergling x22  
  149  7:49  Overseer  
  160  7:56  Zergling x8  
  164  8:09  Zergling x22  
  164  8:12  Hatchery  
  174  8:14  Overlord  
  174  8:15  Overlord  
  174  8:16  Overlord  
  167  8:22  Drone x2  
  169  8:28  Zergling x10  
  174  8:35  Zerg Melee Weapons Level 2, Hive  
  169  8:42  Hydralisk  
  169  8:43  Zergling x18  
  169  8:46  Baneling x11  
  169  8:48  Overseer x2  
  162  8:57  Hydralisk x8  
  162  8:58  Hydralisk  
  162  9:00  Spore Crawler  
  162  9:01  Baneling x10  
  179  9:07  Zergling x26  
  192  9:11  Overlord  
  192  9:14  Queen x2  
  193  9:20  Zergling x8  
  195  9:25  Pneumatized Carapace  
  195  9:27  Zergling x8  
  195  9:30  Overlord  
  199  9:34  Overlord  
  199  9:36  Baneling x9, Overlord, Spore Crawler  
  197  9:47  Zerg Missile Weapons Level 1  
  197  9:51  Zergling x34  
  190  9:56  Zergling x10  
  186  10:02  Zergling x14  
  186  10:06  Zergling x2  
  186  10:07  Zergling x4  
  172  10:12  Viper  
  168  10:15  Zergling x8  
  168  10:20  Hatchery  
  163  10:22  Zergling x14  
  163  10:26  Adrenal Glands  
  162  10:32  Hydralisk  
  162  10:33  Hydralisk x3  
  159  10:39  Viper x2  
  148  10:44  Zergling x16  
  148  10:47  Zergling x6  
  150  10:51  Zergling x2  
  150  10:52  Zergling x10  
  156  10:58  Overseer  
  156  10:59  Drone  
  156  11:00  Drone x6  
  163  11:09  Zergling x16  
  163  11:10  Baneling x4  
  163  11:11  Overseer  
  171  11:13  Zergling x2  
  171  11:17  Baneling  
  171  11:18  Baneling x8  
  172  11:22  Zergling x8  
  171  11:26  Zergling x2  
  171  11:27  Zergling x10  
  175  11:36  Zergling x18  
  175  11:39  Overseer  
  184  11:41  Drone  
  184  11:42  Drone  
  184  11:45  Baneling x8  
  186  11:48  Baneling x5  
  181  11:54  Zergling x16  
Tags
 
Add a new tag
Caveats
  • Supply blocks, unpowered buildings, or Contaminate may cause inaccurate times.
  • Supply counts are checked every 10 seconds.